[Event "Titled Tuesday Blitz June 28 Late 2022"]
[White "Kamsky, Gata"]
[Black "Petrovic, Aleksa"]
[WhiteFideId "2000024"]
[BlackFideId "967629"]
[WhiteElo "2645"]
[BlackElo "2117"]
[Result "1-0"]
[Round "01"]
[TimeControl "180+1"]
[Date "2022.06.28"]
[WhiteClock "0:01:17"]
[BlackClock "0:00:17"]

1. e4 e6 2. Qe2 c5 3. Nf3 Nc6 4. g3 Nge7 5. Bg2 g6 6. O-O Bg7 7. c3 e5 8. a3 O-O 9. b4 d6 10. d3 h6 11. b5 Na5 12. Nbd2 Be6 13. c4 Qd7 14. Bb2 b6 15. Bc3 Nb7 16. a4 a5 17. Ne1 Bh3 18. Nc2 Rae8 19. Ne3 Nd8 20. Nd5 Nxd5 21. cxd5 Bxg2 22. Kxg2 f5 23. f3 f4 24. Nc4 Qc7 25. Kh1 g5 26. Qg2 Nf7 27. Qh3 Rb8 28. Rf2 Qc8 29. Qh5 Kh7 30. Rg1 Qd7 31. Kg2 Nh8 32. Qh3 Qxh3+ 33. Kxh3 Rf6 34. gxf4 gxf4 35. Rfg2 Bf8 36. Nxe5 dxe5 37. Bxe5 Rd6 38. Rg7+ 1-0


[Site "https://www.chess.com"]

[Event "Titled Tuesday Blitz June 28 Late 2022"]
[White "Kapitsyn, Mark"]
[Black "Volkov, Maksim"]
[WhiteFideId "4116240"]
[BlackFideId "54123070"]
[WhiteElo "2303"]
[BlackElo "2155"]
[Result "0-1"]
[Round "01"]
[TimeControl "180+1"]
[Date "2022.06.29"]
[WhiteClock "0:00:20"]
[BlackClock "0:00:51"]

1. e4 c5 2. c3 Nf6 3. e5 Nd5 4. d4 e6 5. Nf3 Nc6 6. Bc4 Nb6 7. Bd3 cxd4 8. O-O dxc3 9. Nxc3 d5 10. exd6 Bxd6 11. Qe2 a6 12. Rd1 Qe7 13. Bg5 f6 14. Be3 Bc7 15. Ne4 Nd7 16. Rac1 O-O 17. Bc4 Re8 18. h4 Nce5 19. Nxe5 Bxe5 20. Nc5 Nxc5 21. Bxc5 Qxc5 22. Bxe6+ Rxe6 23. Rxc5 Bh2+ 24. Kxh2 Rxe2 25. Rd8+ Kf7 26. h5 Re8 27. Rc7+ Kf8 28. Rxe8+ Kxe8 29. Rxg7 h6 30. Rg6 Kf7 31. Rxh6 Bf5 32. f3 Kg7 0-1


[Site "https://www.chess.com"]

[Event "Titled Tuesday Blitz June 28 Late 2022"]
[White "Karas, Marek"]
[Black "Holt, Conrad"]
[WhiteFideId "14928558"]
[BlackFideId "2034387"]
[WhiteElo "2271"]
[BlackElo "2586"]
[Result "0-1"]
[Round "01"]
[TimeControl "180+1"]
[Date "2022.06.28"]
[WhiteClock "0:00:05"]
[BlackClock "0:00:11"]

1. d4 d5 2. Nf3 Nf6 3. c4 c6 4. Nc3 dxc4 5. a4 Bf5 6. Nh4 Bg4 7. h3 Bd7 8. e4 e6 9. Bxc4 Nxe4 10. Nf3 Bb4 11. Qd3 Nf6 12. Ne5 O-O 13. O-O Nd5 14. Bd2 a5 15. Rad1 Be8 16. Bb3 Nd7 17. Bc2 f5 18. Rfe1 Nxe5 19. Rxe5 Bd7 20. Rde1 Bd6 21. Nxd5 Bxe5 22. Rxe5 cxd5 23. g4 Rc8 24. gxf5 Rxf5 25. Rxf5 exf5 26. Bb3 Be6 27. Bf4 Qe8 28. Kh2 h6 29. Be5 Kh7 30. Bf4 Qh5 31. Qe3 Re8 32. Bc2 Bf7 33. Qg3 Re2 34. Be5 Bg6 35. Bd1 Rxf2+ 36. Qxf2 Qxd1 37. Qe3 Qc2+ 38. Kg3 Qxb2 39. h4 Qb1 40. Qc3 Qg1+ 41. Kh3 f4 42. Qc8 Qg3# 0-1


[Site "https://www.chess.com"]

[Event "Titled Tuesday Blitz June 28 Late 2022"]
[White "Katz, Alexander"]
[Black "Wartiovaara, Oliver"]
[WhiteFideId "2039796"]
[BlackFideId "513024"]
[WhiteElo "2371"]
[BlackElo "1971"]
[Result "1-0"]
[Round "01"]
[TimeControl "180+1"]
[Date "2022.06.29"]
[WhiteClock "0:01:23"]
[BlackClock "0:00:34"]

1. e4 Nf6 2. e5 Ng8 3. d4 d6 4. f4 c5 5. c3 cxd4 6. cxd4 dxe5 7. fxe5 Nc6 8. Nf3 Bg4 9. Be3 e6 10. Nc3 Nge7 11. h3 Bxf3 12. Qxf3 Nf5 13. O-O-O Nxe3 14. Qxe3 Be7 15. Kb1 O-O 16. Qe4 Qa5 17. Bd3 g6 18. h4 Rad8 19. Bc2 Qb6 20. d5 exd5 21. Nxd5 Qc5 22. h5 Nb4 23. hxg6 hxg6 24. Nxe7+ Qxe7 25. Bb3 Rxd1+ 26. Rxd1 Nc6 27. Qxg6+ 1-0


[Site "https://www.chess.com"]

[Event "Titled Tuesday Blitz June 28 Late 2022"]
[White "Kavinda, Akila"]
[Black "Barp, Alberto"]
[WhiteFideId "9901302"]
[BlackFideId "872555"]
[WhiteElo "2043"]
[BlackElo "2229"]
[Result "0-1"]
[Round "01"]
[TimeControl "180+1"]
[Date "2022.06.29"]
[WhiteClock "0:00:13"]
[BlackClock "0:01:31"]

1. Nf3 c5 2. g3 g6 3. d4 Bg7 4. Bg2 cxd4 5. Nxd4 Nc6 6. Nb3 Nf6 7. Nc3 O-O 8. O-O d6 9. e4 Bg4 10. f3 Be6 11. Nd5 Bxd5 12. exd5 Ne5 13. a4 Rc8 14. c3 Nc4 15. a5 a6 16. Re1 Qd7 17. Bf1 Rfe8 18. Nd2 Nxd2 19. Qxd2 Qf5 20. f4 Qxd5 21. Bg2 Qxd2 22. Bxd2 d5 23. Ra4 e6 24. Rb4 Re7 25. Be3 Bf8 26. Bd4 Ne8 27. Rb6 Rd7 28. g4 Nd6 29. f5 gxf5 30. gxf5 Nxf5 31. Bf6 Bc5+ 32. Kf1 Ne3+ 33. Rxe3 Bxe3 34. Rb4 Rc4 35. Rb3 Rf4+ 0-1


[Site "https://www.chess.com"]

[Event "Titled Tuesday Blitz June 28 Late 2022"]
[White "Khismatullin, Denis"]
[Black "Jaskolka, Tomasz"]
[WhiteFideId "4142578"]
[BlackFideId "1170791"]
[WhiteElo "2543"]
[BlackElo "2073"]
[Result "1-0"]
[Round "01"]
[TimeControl "180+1"]
[Date "2022.06.28"]
[WhiteClock "0:01:02"]
[BlackClock "0:00:18"]

1. d4 e6 2. c4 f5 3. g3 Nf6 4. Bg2 Be7 5. Nc3 d6 6. Nf3 O-O 7. Qc2 Qe8 8. e4 fxe4 9. Nxe4 Nc6 10. O-O Qg6 11. Nxf6+ Bxf6 12. Qxg6 hxg6 13. Be3 e5 14. d5 Ne7 15. Nd2 Nf5 16. Ne4 Nxe3 17. fxe3 Bf5 18. Rae1 b5 19. c5 dxc5 20. Nxc5 Be7 21. d6 cxd6 22. Bd5+ Kh7 23. Bxa8 Rxa8 24. e4 Bh3 25. Rf7 Bg5 26. Na6 Rc8 27. Rc7 Rf8 28. Rc2 Be3+ 29. Kh1 Bb6 30. Nb4 Bg4 31. h3 Bxh3 32. Rh2 Kg8 33. Rxh3 Rf2 34. Nd5 Bd4 35. Rh2 Rf3 36. Kg2 Rf2+ 37. Kh3 Rf3 38. Kg4 Rd3 39. Rf1 1-0


[Site "https://www.chess.com"]

[Event "Titled Tuesday Blitz June 28 Late 2022"]
[White "Kim, Sergey"]
[Black "Yeshchenko, Uliana"]
[WhiteFideId "13700570"]
[BlackFideId "14187272"]
[WhiteElo "2591"]
[BlackElo "1890"]
[Result "1-0"]
[Round "01"]
[TimeControl "180+1"]
[Date "2022.06.29"]
[WhiteClock "0:00:53"]
[BlackClock "0:00:16"]

1. d4 d5 2. c4 e6 3. Nc3 a6 4. cxd5 exd5 5. Nf3 Nf6 6. Bg5 c6 7. e3 Be6 8. Bd3 Be7 9. Qc2 h6 10. Bh4 O-O 11. Ne5 Nbd7 12. O-O Re8 13. f4 Ng4 14. Bxe7 Qxe7 15. Rae1 Rac8 16. h3 Ngxe5 17. dxe5 Nc5 18. Be2 Bd7 19. Bh5 g6 20. Bg4 Bxg4 21. hxg4 Qh4 22. b4 Ne4 23. Nxe4 dxe4 24. Qxe4 Qxg4 25. Rd1 Rcd8 26. Qf3 Qxf3 27. gxf3 Kf8 28. Kf2 Ke7 29. Ke2 Rxd1 30. Rxd1 Rd8 31. Rh1 h5 32. e4 Rd4 33. a3 Ke6 34. Ke3 Rd8 35. Rg1 Rh8 36. Kd4 b6 37. Rc1 Kd7 38. f5 h4 39. Rh1 h3 40. Ke3 c5 41. Kf4 h2 42. e6+ fxe6 43. fxg6 Ke7 44. Kg5 Kf8 45. Kf6 Kg8 46. Rd1 1-0


[Site "https://www.chess.com"]

[Event "Titled Tuesday Blitz June 28 Late 2022"]
[White "Korchmar, Vasiliy"]
[Black "Onslow, Alfie"]
[WhiteFideId "24131750"]
[BlackFideId "436976"]
[WhiteElo "2370"]
[BlackElo "1885"]
[Result "1-0"]
[Round "01"]
[TimeControl "180+1"]
[Date "2022.06.29"]
[WhiteClock "0:00:58"]
[BlackClock "0:01:33"]

1. e4 g6 2. d4 Bg7 3. c3 c6 4. Bd3 d5 5. e5 h5 6. Nf3 Nh6 7. O-O Bf5 8. Be2 e6 9. Re1 Bg4 10. Nbd2 Nd7 11. a4 Nf5 12. a5 a6 13. h3 Bxf3 14. Nxf3 c5 15. c4 O-O 16. cxd5 exd5 17. Bg5 Qc7 18. Bd3 Nxd4 19. Nxd4 cxd4 20. e6 Ne5 21. Bf4 f5 22. Rc1 Qd6 23. Qe2 Rae8 24. Bxe5 Qxe6 25. Bxg7 Kxg7 26. Qxe6 1-0


[Site "https://www.chess.com"]

[Event "Titled Tuesday Blitz June 28 Late 2022"]
[White "Kostiukov, Alexandr"]
[Black "Bilych, Olexiy"]
[WhiteFideId "14108100"]
[BlackFideId "14156504"]
[WhiteElo "2394"]
[BlackElo "2703"]
[Result "1-0"]
[Round "01"]
[TimeControl "180+1"]
[Date "2022.06.29"]
[WhiteClock "0:00:32"]
[BlackClock "0:00:43"]

1. g3 e5 2. Bg2 d5 3. c4 c6 4. cxd5 cxd5 5. d4 e4 6. Nc3 Be6 7. Nh3 Nc6 8. O-O Nf6 9. Bg5 Be7 10. Nf4 Qd7 11. e3 O-O 12. Bxf6 Bxf6 13. f3 exf3 14. Qxf3 Ne7 15. Ncxd5 Nxd5 16. Nxd5 Bg5 17. Nf4 Bg4 18. Qxb7 Qxb7 19. Bxb7 Rab8 20. Bf3 Bxf3 21. Rxf3 Rxb2 22. Rf2 Rfb8 23. Raf1 g6 24. h4 Be7 25. Nd3 Rxf2 26. Kxf2 Rc8 27. Rc1 Re8 28. Rc7 a5 29. a4 h5 30. Ra7 Bd8 31. Ra8 Kf8 32. Ne5 Bc7 33. Rxe8+ Kxe8 34. Nc4 Kd7 35. e4 Kc6 36. Kf3 f6 37. g4 Bh2 38. gxh5 gxh5 39. Ne3 Kd6 40. Nc4+ Ke6 41. Nxa5 Bg1 42. Nb3 f5 43. a5 Bh2 44. e5 Kd5 45. a6 Kc6 46. Nc5 Kb6 47. d5 Bg1 48. Nd3 Kxa6 49. Kf4 Kb5 50. Kxf5 Kc4 51. e6 Bh2 52. e7 1-0


[Site "https://www.chess.com"]

[Event "Titled Tuesday Blitz June 28 Late 2022"]
[White "Kuzmin, Roman"]
[Black "Maksimovic, Bojan"]
[WhiteFideId "44134932"]
[BlackFideId "14408120"]
[WhiteElo "2421"]
[BlackElo "2771"]
[Result "0-1"]
[Round "01"]
[TimeControl "180+1"]
[Date "2022.06.29"]
[WhiteClock "0:00:06"]
[BlackClock "0:00:08"]

1. e4 c5 2. Nf3 Nc6 3. d4 cxd4 4. Nxd4 Nf6 5. Nc3 e5 6. Ndb5 h6 7. Nd5 Nxd5 8. exd5 a6 9. Nc3 Nd4 10. Be3 Bc5 11. Ne4 d6 12. Nxc5 dxc5 13. c3 O-O 14. cxd4 exd4 15. Bf4 Qxd5 16. Qf3 Re8+ 17. Kd2 Qd8 18. Bc4 Qa5+ 19. Kd1 Be6 20. Bd2 Qc7 21. Bxe6 Rxe6 22. Kc2 c4 23. Rae1 Rf6 24. Qg3 Qc6 25. Kb1 Rg6 26. Qf3 Rxg2 27. Qxc6 bxc6 28. Rhg1 Rxh2 29. Re4 c5 30. Bf4 Rh4 31. f3 f6 32. Bd6 Rxe4 33. fxe4 Rc8 34. Rf1 Kf7 35. Rf5 Rc6 36. Bb8 Ke6 37. Rd5 g6 38. Ba7 f5 39. Rxc5 Rxc5 40. Bxc5 f4 41. Bxd4 g5 42. Kc2 g4 43. Kd2 h5 44. Ke2 h4 45. Kf2 h3 46. Bc3 g3+ 47. Kf3 h2 48. Kg2 f3+ 49. Kh1 f2 50. Kg2 h1=Q+ 51. Kxg3 f1=Q 0-1


[Site "https://www.chess.com"]

[Event "Titled Tuesday Blitz June 28 Late 2022"]
[White "Ladopoulos, Dimitrios"]
[Black "Yurasova, Daria"]
[WhiteFideId "4239580"]
[BlackFideId "34146919"]
[WhiteElo "2718"]
[BlackElo "2403"]
[Result "1-0"]
[Round "01"]
[TimeControl "180+1"]
[Date "2022.06.29"]
[WhiteClock "0:00:47"]
[BlackClock "0:00:04"]

1. Nf3 d5 2. d4 Nf6 3. c4 c6 4. Nc3 dxc4 5. e3 b5 6. a4 Nd5 7. e4 Nxc3 8. bxc3 e6 9. Bf4 Bd6 10. e5 Be7 11. h4 Nd7 12. h5 h6 13. Rh3 Nb6 14. a5 Nd5 15. Bd2 c5 16. Rg3 Kf8 17. Qb1 a6 18. Qe4 Bb7 19. Qg4 Rh7 20. Bxh6 Nxc3 21. Bxg7+ Ke8 22. Bf6 Kd7 23. Ng5 Nd5 24. Nxh7 cxd4 25. Qxd4 Bb4+ 26. Ke2 Qc7 27. Rg7 Kc6 28. g3 Bc3 29. Qd1 Bxa1 30. Qxa1 Nxf6 31. Nxf6 Rd8 32. Bg2+ Kc5 33. Bxb7 Qxb7 34. Rg4 b4 35. Ne4+ Kb5 36. Nd6+ Rxd6 37. exd6 Qd5 38. Qc1 Qd3+ 39. Ke1 Qf3 40. Qxc4+ Kxa5 41. Qxb4# 1-0


[Site "https://www.chess.com"]

[Event "Titled Tuesday Blitz June 28 Late 2022"]
[White "Lashkin, Jegor"]
[Black "Semenenko, Dmytry"]
[WhiteFideId "13907808"]
[BlackFideId "14118645"]
[WhiteElo "2368"]
[BlackElo "2113"]
[Result "1-0"]
[Round "01"]
[TimeControl "180+1"]
[Date "2022.06.28"]
[WhiteClock "0:01:50"]
[BlackClock "0:00:57"]

1. d4 d5 2. c4 c6 3. Nc3 Nf6 4. e3 g6 5. Nf3 Bg7 6. Bd3 O-O 7. O-O dxc4 8. Bxc4 Bg4 9. h3 Bxf3 10. Qxf3 Nbd7 11. Rd1 e5 12. d5 Qc7 13. dxc6 bxc6 14. Qe2 Nb6 15. Bd2 Rfd8 16. Be1 Rab8 17. Bb3 Nbd5 18. Rac1 Qe7 19. Na4 Rbc8 20. Ba5 Re8 21. Qa6 Nb4 22. Bxb4 Qxb4 23. Rxc6 Rcd8 24. Rxd8 Rxd8 25. Rxf6 Bxf6 26. Qxf6 Rd7 27. Nc3 Qb8 28. Ne4 a5 29. Ng5 Qc7 30. Bxf7+ 1-0


[Site "https://www.chess.com"]

[Event "Titled Tuesday Blitz June 28 Late 2022"]
[White "Laurusas, Tomas"]
[Black "Estrada Nieto, Julian"]
[WhiteFideId "12803731"]
[BlackFideId "5101018"]
[WhiteElo "2442"]
[BlackElo "2252"]
[Result "1-0"]
[Round "01"]
[TimeControl "180+1"]
[Date "2022.06.28"]
[WhiteClock "0:00:13"]
[BlackClock "0:00:18"]

1. d4 d5 2. c4 dxc4 3. e4 e5 4. Nf3 exd4 5. Bxc4 Nc6 6. O-O Be6 7. Bxe6 fxe6 8. Qb3 Qd7 9. Qxb7 Rb8 10. Qa6 Nf6 11. Nbd2 Bd6 12. Re1 Ng4 13. e5 Ngxe5 14. Nxe5 Nxe5 15. Qxa7 c5 16. Qxd7+ Kxd7 17. Ne4 Nd3 18. Re2 c4 19. Rb1 Rhc8 20. Rd2 e5 21. g3 Be7 22. Kf1 Ke6 23. Ke2 Nb4 24. a3 Nd5 25. Ra1 Rb3 26. a4 Bb4 27. Rd1 c3 28. bxc3 Nxc3+ 29. Nxc3 Bxc3 30. Ra2 e4 31. Bd2 d3+ 32. Ke3 Rb4 33. Bxc3 Rxc3 34. a5 Rc2 35. Rd2 Rxd2 36. Kxd2 Rb7 37. a6 Ra7 38. Ra5 Kd6 39. Ke3 Kc6 40. Ra2 Kb6 41. Kxe4 Rd7 42. a7 Rxa7 43. Rxa7 Kxa7 44. Kxd3 Kb6 45. Ke4 Kc7 46. Ke5 Kd7 47. f4 Ke7 48. f5 Kf7 49. g4 h6 50. h3 Ke7 51. h4 Kf7 52. g5 hxg5 53. hxg5 Ke7 54. Kd5 Kd7 55. Kd4 Kd6 56. Ke4 Ke7 57. Ke5 Kf7 58. Kd6 Kf8 59. Ke6 Kg8 60. Ke7 Kh8 61. g6 Kg8 62. Ke8 Kh8 63. f6 gxf6 64. Kf7 f5 65. g7+ Kh7 66. g8=Q+ Kh6 67. Qg6# 1-0


[Site "https://www.chess.com"]

[Event "Titled Tuesday Blitz June 28 Late 2022"]
[White "Leenhouts, Koen"]
[Black "Andreikin, Dmitry"]
[WhiteFideId "1008439"]
[BlackFideId "4158814"]
[WhiteElo "2409"]
[BlackElo "2736"]
[Result "1/2-1/2"]
[Round "01"]
[TimeControl "180+1"]
[Date "2022.06.28"]
[WhiteClock "0:00:09"]
[BlackClock "0:00:12"]

1. d4 d5 2. c4 e6 3. Nf3 Nf6 4. g3 Bb4+ 5. Bd2 Be7 6. Bg2 O-O 7. O-O c6 8. Qc2 Nbd7 9. Bf4 Nh5 10. Bc1 Nhf6 11. Bf4 a5 12. Rd1 a4 13. Nc3 Qa5 14. Ne5 Nxe5 15. dxe5 Nd7 16. cxd5 exd5 17. e4 dxe4 18. Bxe4 Nxe5 19. Bxh7+ Kh8 20. Bxe5 Qxe5 21. Re1 Qc5 22. Nxa4 Qxc2 23. Bxc2 Be6 24. Bb3 Bf6 25. Bxe6 Rxa4 26. Bb3 Rd4 27. Re2 g6 28. Rd1 Rxd1+ 29. Bxd1 Rd8 30. Bb3 Kg7 31. h4 b5 32. Rc2 Rd6 33. Kg2 Bd4 34. a4 bxa4 35. Bxa4 c5 36. b3 Rb6 37. f4 Kf6 38. Kf3 Re6 39. Re2 Rb6 40. g4 Rb4 41. Rc2 Ke6 42. Rc4 Rb7 43. Rc2 Kd5 44. h5 gxh5 45. gxh5 Ke6 46. Kg4 Kf6 47. Re2 Rb4 48. Rc2 Rb8 49. Rh2 Ra8 50. Bb5 Rg8+ 51. Kf3 Rg1 52. Bc4 Rg8 53. h6 Rh8 54. h7 Kg6 55. Ke4 f5+ 56. Kd5 Be3 57. Rg2+ Kf6 58. Bd3 Rxh7 59. Rg5 Rd7+ 60. Kc4 Rd4+ 61. Kc3 Rxf4 62. Rh5 Rf2 63. Rxf5+ Rxf5 64. Bxf5 Kxf5 65. b4 Bd2+ 66. Kxd2 cxb4 67. Kd3 b3 68. Kc3 b2 69. Kxb2 1/2-1/2


[Site "https://www.chess.com"]

[Event "Titled Tuesday Blitz June 28 Late 2022"]
[White "Leiva, Gianmarco"]
[Black "Janturin, Artur"]
[WhiteFideId "3804399"]
[BlackFideId "4130022"]
[WhiteElo "2323"]
[BlackElo "2391"]
[Result "1-0"]
[Round "01"]
[TimeControl "180+1"]
[Date "2022.06.29"]
[WhiteClock "0:00:04"]
[BlackClock "0:00:01"]

1. e4 a6 2. d4 b5 3. Bd3 Bb7 4. Nf3 Nf6 5. Qe2 e6 6. O-O c5 7. c3 Be7 8. Re1 Nc6 9. Nbd2 Qb6 10. e5 Nd5 11. dxc5 Bxc5 12. Ne4 Be7 13. a4 O-O 14. Neg5 f5 15. exf6 Nxf6 16. Be3 Qc7 17. axb5 axb5 18. Rxa8 Bxa8 19. Bxb5 h6 20. Nh3 g5 21. Nfxg5 hxg5 22. Bxg5 Rf7 23. Bd3 Nd5 24. Qh5 Rg7 25. Bh6 Nf6 26. Qe2 Rxg2+ 27. Kxg2 Nd4+ 28. Kf1 Nxe2 29. Kxe2 Qxh2 30. Rg1+ Kh8 31. Bg7+ Kg8 32. Bxf6+ Kf7 33. Bxe7 Kxe7 34. Rg3 Qh1 35. Ng1 Qd5 36. Nf3 Qh5 37. Ke3 Bxf3 38. Rxf3 Qe5+ 39. Kd2 Qg5+ 40. Re3 Qg1 41. Ke2 Qg4+ 42. Kd2 Qg1 43. Re2 Qa1 44. Kc2 Qa4+ 45. Kd2 Qf4+ 46. Kd1 Qa4+ 47. Kc1 Qa1+ 48. Bb1 Qa4 49. Rd2 Qf4 50. Bd3 Qf3 51. b4 Qh1+ 52. Kc2 Qc6 53. Kb3 Qd5+ 54. Kb2 Qg5 55. Re2 Qd5 56. Bc2 Qc4 57. Re4 Qf1 58. f4 1-0


[Site "https://www.chess.com"]

[Event "Titled Tuesday Blitz June 28 Late 2022"]
[White "Leve, Nitai"]
[Black "Sadhwani, Raunak"]
[WhiteFideId "2006898"]
[BlackFideId "35093487"]
[WhiteElo "2144"]
[BlackElo "2616"]
[Result "0-1"]
[Round "01"]
[TimeControl "180+1"]
[Date "2022.06.28"]
[WhiteClock "0:00:03"]
[BlackClock "0:01:36"]

1. e4 d6 2. d4 g6 3. Nc3 Bg7 4. f4 Nf6 5. Nf3 O-O 6. Bd3 c5 7. e5 Nfd7 8. exd6 cxd4 9. dxe7 Qxe7+ 10. Ne2 Nc5 11. O-O Nxd3 12. Qxd3 Bf5 13. Qd1 Nc6 14. Nexd4 Rad8 15. Nxf5 Qc5+ 16. Be3 Qxf5 17. Qc1 Rfe8 18. c3 h5 19. Bf2 Re2 20. Re1 Rde8 21. Rxe2 Rxe2 22. Nd4 Nxd4 23. cxd4 Qe4 24. Qf1 Bxd4 25. Bxd4 Qxd4+ 26. Kh1 Rxb2 27. Rd1 Rf2 28. Qe1 Qxf4 29. Kg1 Rxa2 30. h3 Qf6 31. Rd7 Ra1 32. Rd1 Qd4+ 33. Rxd4 Rxe1+ 34. Kf2 Rb1 0-1


[Site "https://www.chess.com"]

[Event "Titled Tuesday Blitz June 28 Late 2022"]
[White "Maghsoodloo, Parham"]
[Black "Cremisi, Daniel"]
[WhiteFideId "12539929"]
[BlackFideId "2089882"]
[WhiteElo "2607"]
[BlackElo "2172"]
[Result "1-0"]
[Round "01"]
[TimeControl "180+1"]
[Date "2022.06.28"]
[WhiteClock "0:01:14"]
[BlackClock "0:00:09"]

1. d4 d5 2. c4 c6 3. Nf3 Nf6 4. Nc3 e6 5. Bg5 Nbd7 6. e3 Be7 7. Qc2 h6 8. Bh4 b6 9. cxd5 Nxd5 10. Bxe7 Qxe7 11. Nxd5 cxd5 12. Rc1 O-O 13. Qa4 Bb7 14. Rc7 Bc8 15. Bb5 Qd6 16. Rc6 Qe7 17. O-O a6 18. Rc7 Qd6 19. Rc6 Qb8 20. Bd3 Bb7 21. Rc2 b5 22. Qa3 Nb6 23. b3 Qd8 24. Rfc1 Rc8 25. Ne5 Rxc2 26. Rxc2 Nd7 27. Nc6 Bxc6 28. Rxc6 Nb8 29. Rc2 Qd7 30. Qc5 Rd8 31. h4 f6 32. Bg6 Qb7 33. h5 Rf8 34. Qd6 Kh8 35. Rc7 1-0


[Site "https://www.chess.com"]

[Event "Titled Tuesday Blitz June 28 Late 2022"]
[White "Mangialardo, Tiago Carvalho"]
[Black "Golubev, Mikhail"]
[WhiteFideId "2130718"]
[BlackFideId "14100983"]
[WhiteElo "2075"]
[BlackElo "2374"]
[Result "0-1"]
[Round "01"]
[TimeControl "180+1"]
[Date "2022.06.29"]
[WhiteClock "0:00:01"]
[BlackClock "0:00:44"]

1. e4 c5 2. Nf3 d6 3. d4 Nf6 4. Nc3 cxd4 5. Nxd4 Nc6 6. Be3 e5 7. Nb3 Be7 8. Be2 O-O 9. g4 d5 10. exd5 Nb4 11. Bf3 e4 12. Nxe4 Nfxd5 13. Bc5 Bxc5 14. Nbxc5 Nf4 15. a3 Nc6 16. Qd2 Qxd2+ 17. Nxd2 Nd4 18. O-O-O Nxf3 19. Nxf3 Bxg4 20. Rd4 Ne2+ 21. Kd2 Bxf3 0-1


[Site "https://www.chess.com"]

[Event "Titled Tuesday Blitz June 28 Late 2022"]
[White "Manukian, Artak"]
[Black "Ibarra Jerez, Jose Carlos"]
[WhiteFideId "13301373"]
[BlackFideId "2226332"]
[WhiteElo "2469"]
[BlackElo "2628"]
[Result "1/2-1/2"]
[Round "01"]
[TimeControl "180+1"]
[Date "2022.06.28"]
[WhiteClock "0:00:34"]
[BlackClock "0:00:03"]

1. e4 c5 2. Nf3 e6 3. c3 Nf6 4. e5 Nd5 5. d4 cxd4 6. cxd4 d6 7. Nc3 Nxc3 8. bxc3 Qc7 9. Bd2 Nd7 10. Bb5 Be7 11. O-O O-O 12. Re1 b6 13. Bf4 Bb7 14. exd6 Bxd6 15. Bxd6 Qxd6 16. Bxd7 Bxf3 17. Qxf3 Qxd7 18. h4 Rac8 19. Re3 Rc4 20. h5 h6 21. Qg4 Rfc8 22. Rg3 f5 23. Qf3 Rxc3 24. Qxc3 Rxc3 25. Rxc3 Qxd4 26. Rac1 Qg4 27. Rc7 f4 28. f3 Qxh5 29. Rxa7 Qe5 30. Kh2 Qh5+ 31. Kg1 Kh7 32. Rb7 Qe5 33. Kh2 h5 34. Rxb6 Qe3 35. Rcc6 e5 36. Re6 Qf2 37. Rb5 h4 38. Rbxe5 Qg3+ 39. Kg1 g6 40. Re7+ Kh6 41. Re8 Kg7 42. R8e7+ Kh6 43. Re8 Kg7 44. R8e7+ Kf8 45. Re8+ Kf7 46. R8e7+ Kf6 47. R7e6+ Kg7 48. Re7+ 1/2-1/2


[Site "https://www.chess.com"]

[Event "Titled Tuesday Blitz June 28 Late 2022"]
[White "Manukyan, Artyom"]
[Black "Winkels, Marcel"]
[WhiteFideId "13305786"]
[BlackFideId "1003887"]
[WhiteElo "2034"]
[BlackElo "1900"]
[Result "0-1"]
[Round "01"]
[TimeControl "180+1"]
[Date "2022.06.29"]
[WhiteClock "0:00:52"]
[BlackClock "0:00:26"]

1. e4 c5 2. Nc3 Nc6 3. Nf3 d6 4. Bb5 Bd7 5. O-O Nf6 6. Re1 e5 7. Bf1 Be7 8. h3 O-O 9. d3 Nd4 10. Nxd4 cxd4 11. Ne2 Rc8 12. f4 Qc7 13. c3 dxc3 14. Nxc3 a6 15. f5 b5 16. a3 Rfd8 17. g4 Bc6 18. g5 Nd7 19. Bg2 Bf8 20. h4 Nb6 21. g6 h6 22. Rf1 f6 23. Nd5 Bxd5 24. exd5 Qc5+ 25. Kh2 Nxd5 26. Qb3 Kh8 27. Bxd5 Qd4 28. Bd2 Qxh4+ 29. Kg1 Qg3+ 30. Bg2 d5 31. Ba5 Bc5+ 32. Rf2 Qxf2+ 33. Kh2 Qh4+ 34. Bh3 Qf4+ 35. Kh1 Rd7 36. Rf1 Qg3 37. d4 Qxb3 0-1


[Site "https://www.chess.com"]

[Event "Titled Tuesday Blitz June 28 Late 2022"]
[White "Marin Masis, Jose Esteban"]
[Black "Gubajdullin, Alexei"]
[WhiteFideId "6508146"]
[BlackFideId "4141202"]
[WhiteElo "1710"]
[BlackElo "2280"]
[Result "0-1"]
[Round "01"]
[TimeControl "180+1"]
[Date "2022.06.29"]
[WhiteClock "0:00:09"]
[BlackClock "0:01:54"]

1. e4 g6 2. Nf3 Bg7 3. d4 d6 4. Nc3 Nf6 5. Bd3 O-O 6. Bg5 h6 7. Be3 e6 8. h3 Nc6 9. Qd2 Kh7 10. h4 e5 11. d5 Nb4 12. Be2 Ng4 13. a3 Nxe3 14. fxe3 Na6 15. O-O-O Nc5 16. Rdg1 f5 17. exf5 gxf5 18. g4 fxg4 19. Bd3+ Nxd3+ 20. Qxd3+ Bf5 21. e4 Bd7 22. Nh2 h5 23. Nf1 Rf3 24. Qe2 Bh6+ 25. Kb1 Bf4 26. Qd1 Qf6 27. Nd2 Bxd2 28. Qxd2 Rf2 29. Qg5 Qxg5 30. hxg5 Kg6 31. Nd1 Rf3 32. Rf1 Raf8 33. Re1 Kxg5 34. Ne3 h4 35. Rhg1 g3 36. Ng2 h3 37. Ne3 h2 38. Rg2 Rxe3 0-1


[Site "https://www.chess.com"]

[Event "Titled Tuesday Blitz June 28 Late 2022"]
[White "Martinez, Shawn"]
[Black "Bolourchifard, Farzad"]
[WhiteFideId "2039770"]
[BlackFideId "12510084"]
[WhiteElo "2174"]
[BlackElo "2317"]
[Result "1-0"]
[Round "01"]
[TimeControl "180+1"]
[Date "2022.06.29"]
[WhiteClock "0:00:10"]
[BlackClock "0:00:13"]

1. e4 e5 2. Nf3 Nc6 3. d4 exd4 4. Nxd4 Bc5 5. Nb3 Bb4+ 6. c3 Be7 7. Bc4 d6 8. O-O Nf6 9. N1d2 O-O 10. Nd4 Re8 11. Re1 Nxd4 12. cxd4 d5 13. exd5 Nxd5 14. Nf3 Nb6 15. Bb3 Bf6 16. Rxe8+ Qxe8 17. Bf4 c6 18. Ne5 Be6 19. h3 Rd8 20. Bc2 Nc4 21. Qd3 Bxe5 22. Qxh7+ Kf8 23. dxe5 Rd5 24. Re1 Ke7 25. Qxg7 Qf8 26. Bg5+ Ke8 27. Qf6 Kd7 28. Bf5 Qe8 29. b3 Nb6 30. Bxe6+ fxe6 31. h4 Kc8 32. h5 Nd7 33. Qg6 Qh8 34. h6 Nxe5 35. Qxe6+ Kc7 36. Bf4 Kb6 37. Rxe5 Rd1+ 38. Kh2 Qd8 39. Bg3 Qf8 40. Rf5 Qh8 41. Qe3+ Qd4 42. Qxd4+ Rxd4 43. Rh5 Rd8 44. h7 Rh8 45. Be5 Re8 46. h8=Q 1-0


[Site "https://www.chess.com"]

[Event "Titled Tuesday Blitz June 28 Late 2022"]
[White "McCoy, Owen"]
[Black "Petersson, Kjell"]
[WhiteFideId "30924502"]
[BlackFideId "1705148"]
[WhiteElo "2535"]
[BlackElo "2009"]
[Result "0-1"]
[Round "01"]
[TimeControl "180+1"]
[Date "2022.06.29"]
[WhiteClock "0:00:05"]
[BlackClock "0:00:05"]

1. d4 f5 2. g3 Nf6 3. Bg2 e6 4. c4 d5 5. Nh3 c6 6. O-O Bd6 7. Bf4 Be7 8. Qc1 O-O 9. Nd2 b6 10. Nf3 Bb7 11. Nfg5 Qc8 12. Bxb8 Rxb8 13. Nf4 Ne4 14. Nfxe6 Rf6 15. Nxe4 fxe4 16. Nf4 Qf8 17. e3 Bd6 18. Ne2 Re8 19. Nc3 Re7 20. Qc2 Ref7 21. Rad1 Rf5 22. Rd2 R7f6 23. cxd5 cxd5 24. Qb3 Kh8 25. Nb5 Bb8 26. a4 Rh6 27. Qd1 Rfh5 28. h3 Bc8 29. g4 Rg5 30. Qe2 Rf6 31. Rc1 a6 32. Na3 Bd7 33. Rcc2 Bxa4 34. Rc3 Bd7 35. Kf1 b5 36. Nb1 Bd6 37. Ke1 Bb4 38. Rc1 Bxd2+ 39. Nxd2 Rf7 40. Bf1 Rg6 41. Qd1 Rxf2 42. Rc7 Bc8 43. Be2 Rgf6 44. Rc5 Bd7 45. Nb1 Rf1+ 46. Bxf1 Rxf1+ 47. Kd2 Rxd1+ 48. Kxd1 Qf1+ 49. Kc2 Qe2+ 50. Nd2 Qd3+ 51. Kc1 Qxe3 52. Rxd5 Be6 53. Rd8+ Bg8 54. d5 Qe1+ 55. Kc2 Qe2 56. Kc1 e3 57. Nb3 Qe1+ 58. Kc2 Qe2+ 59. Kc1 Qf1+ 60. Kc2 e2 61. Nd2 Qf2 62. d6 e1=Q 63. Re8 Qc5+ 64. Kd3 Qd1 65. d7 Qd5+ 66. Ke3 Qxd7 67. Kf4 Q1xd2+ 68. Kg3 Q2d3+ 69. Kh4 Qxe8 70. b4 Qe7+ 71. g5 Qde4+ 72. Kh5 Qf7+ 73. g6 Qfxg6# 0-1


[Site "https://www.chess.com"]